 Dungeon Crawl Stone Soup version 0.30-a0-50-gb2d611f6b1 (webtiles) character file.

Game seed: 6209380821590979431

11 timneilson the Shield-Bearer (level 2, -1/19 HPs)
             Began as a Gargoyle Fighter on Sept 4, 2022.
             Constricted to death by Natasha (4 damage)
             ... on level 2 of the Dungeon.
             The game lasted 00:00:59 (761 turns).

timneilson the Shield-Bearer (Gargoyle Fighter)      Turns: 761, Time: 00:01:00

Health: -1/19      AC: 10    Str: 19    XL:     2   Next: 25%
Magic:  2/2        EV:  6    Int:  8    God:
Gold:   0          SH:  4    Dex:  9    Spells: 1/1 levels left

rFire   . . .      SeeInvis .    a - +0 long sword
rCold   . . .      Faith    .    c - +0 buckler
rNeg    + . .      Spirit   .    b - +0 scale mail
rPois   ∞          Reflect  .    (no helmet)
rElec   +          Harm     .    (no cloak)
rCorr   .          Rampage  .    l - +0 pair of gloves
Will    .....                    (no boots)
Stlth   ..........               (no amulet)
HPRegen 0.06/turn                (no ring)
MPRegen 0.08/turn                (no ring)

@: grasped by roots, slowed, constricted, very slow
A: sickness immunity, AC +2, negative energy resistance 1, electricity
resistance, torment resistance 1, petrification resistance
a: no special abilities


You were on level 2 of the Dungeon.
You visited 1 branch of the dungeon, and saw 2 of its levels.

Inventory:

Hand Weapons
 a - a +0 long sword (weapon)
Armour
 b - a +0 scale mail (worn)
 c - a +0 buckler (worn)
 l - a +0 pair of gloves (worn)
Scrolls
 g - 3 scrolls of identify
Potions
 d - a potion of might
 e - a potion of lignification
 f - a potion of curing {unknown}
 i - a potion of attraction


   Skills:
 + Level 3.3 Fighting
 * Level 2.0 Long Blades
 * Level 3.4 Armour
 + Level 0.2 Dodging
 * Level 3.4 Shields


You had one spell level left.
You didn't know any spells.
Your spell library was empty.

Dungeon Overview and Level Annotations

Branches:
Dungeon (2/15)

Altars:

Annotations:
D:2 Natasha


Innate Abilities, Weirdness & Mutations

You are immune to sickness and miasma.
Your stone body is resilient. (AC +2)
You are immune to poison.
You resist negative energy. (rN+)
You are resistant to electric shocks. (rElec)
You are resistant to unholy torment.
You are immune to petrification.


Message History

You climb downwards.
Found a shimmering ring mail and a cyan potion.
There is a stone staircase leading up here.
A goblin comes into view. It is wielding a +0 dagger.
The goblin shouts!
The goblin hits you but does no damage.
You barely miss the goblin. The goblin closely misses you.
You closely miss the goblin. The goblin hits you but does no damage.
You closely miss the goblin. The goblin closely misses you.
You barely miss the goblin. The goblin hits you but does no damage.
You block the goblin's attack.
You slash the goblin!
You kill the goblin!
Things that are here:
a +0 dagger; a goblin corpse
f - a cyan potion
There is a stone staircase leading up here.
Natasha, Servant of Life and Death comes into view.
She is carrying a wand of roots (8).
Natasha hisses angrily.
Natasha casts a spell at you. The magic dart hits you!
Natasha zaps a wand.
The roots erupt in riotous growth!
The grasping roots grab you! The grasping roots constrict you.
You see here the +1 ring mail of the Witching Gods {Contam Dex+4}.
You escape the roots grasp.
You closely miss Natasha.
Natasha hisses.
Natasha casts a spell at you.
You feel yourself slow down.
You hit Natasha.
Natasha is heavily wounded.
Natasha zaps a wand.
The roots erupt in riotous growth!
The grasping roots grab you!
Natasha is unaffected.
The grasping roots constrict you.
* * * LOW HITPOINT WARNING * * *
Natasha claws you.
* * * LOW HITPOINT WARNING * * *
The grasping roots constrict you.
You die...

# #.# #. #.#
#.##.#
....###########
#.... .......#
####.####......##
#......<........##
#[##.####.....#..#
#@##.# #).......#
#..h....#
#......#.#
##.#.#### ######.#
#.#.# .. . #.# #.
## #.. ###


You could see Natasha.

Vanquished Creatures
  2 goblins
  3 hobgoblins (D:1)
  A quokka (D:1)
  A frilled lizard (D:1)
  2 kobolds (D:1)
9 creatures vanquished.

Notes
Turn   | Place    | Note
-------+----------+-------------------------------------------
     0 | D:1      | timneilson the Gargoyle Fighter began the quest for the
                  | Orb.
     0 | D:1      | Reached XP level 1. HP: 14/14 MP: 1/1
   386 | D:1      | Reached XP level 2. HP: 19/19 MP: 2/2
   757 | D:2      | Noticed Natasha
   758 | D:2      | Identified the +1 ring mail of the Witching Gods {Contam
                  | Dex+4}
   761 | D:2      | Constricted to death by Natasha

Illustrated notes

Levels and vault maps discovered:
D:1:      ebering_trefoil_3fold, layout_basic, minmay_strange_pillars
D:2:      layout_loops_ring, uniq_natasha

Skill      XL: |  1  2 |
---------------+-------+-----
Long Blades    | 2 |  2.0
Fighting       | |  3.3
Armour         | |  3.4
Dodging        | |  0.2
Shields        | |  3.4

Action                   || total
-------------------------++-------
Melee: Long sword        ||    39
  Use: Scroll            ||     7
Armor: Scale mail        ||    16
Dodge: Dodged            ||    16
Block: Buckler           ||     9

Table legend: (Time is in decaauts)
 A = Elapsed time spent in this place.
 B = Non-inter-level travel time spent in this place.
 C = Inter-level travel time spent in this place.
 D = Time resting spent in this place.
 E = Time spent auto-exploring this place.
 F = Levels seen in this place.
 G = Mean time per level.
                   A        B        C        D        E       F      G
               +--------+--------+--------+--------+--------+-----+--------+
         Total |    773 |    726 |     47 |      0 |    593 |   2 |  386.5 |
       Dungeon |    773 |    726 |     47 |      0 |    593 |   2 |  386.5 |
               +--------+--------+--------+--------+--------+-----+--------+

Top non-repeatable levels by time:
     D:1: 746 daAuts
     D:2: 27 daAuts
